 Dungeon Crawl Stone Soup version 0.30-a0-972-gf3ab3527aa (webtiles) character file.

Game seed: 13814162317948667468

410 DeathPants the Chopper (level 6, -4/33 HPs)
             Began as a Vine Stalker Fighter on Mar 31, 2023.
             Slain by an iguana (6 damage)
             ... on level 5 of the Dungeon.
             The game lasted 00:07:33 (2151 turns).

DeathPants the Chopper (Vine Stalker Fighter)       Turns: 2151, Time: 00:07:34

Health: -4/33      AC:  8    Str: 19    XL:     6   Next: 89%
Magic:  0/7        EV:  9    Int: 16    God:
Gold:   200        SH:  5    Dex: 13    Spells: 5/5 levels left

rFire   . . .      SeeInvis .    b - +1 war axe (heavy)
rCold   . . .      Faith    .    c - +0 buckler
rNeg    . . .      Spirit   +    j - +0 scale mail
rPois   .          Reflect  .    (no helmet)
rElec   .          Rampage  .    (no cloak)
rCorr   .                        (no gloves)
Will    .....                    k - +0 pair of boots Stlth
                                 (no amulet)
HPRegen 1.05/turn                h - +6 ring of intelligence
MPRegen 0.10/turn                (no ring)

@: hasted, very quick
A: fangs 2, regeneration 1, magic shield, antimagic bite, no potion heal 2
a: no special abilities


You were on level 5 of the Dungeon.
You visited 1 branch of the dungeon, and saw 5 of its levels.

You collected 200 gold pieces.

Inventory:

Hand Weapons
 a - a +0 war axe
 b - a +1 heavy war axe (weapon)
Missiles
 r - 6 poisoned darts (quivered)
Armour
 c - a +0 buckler (worn)
 j - a +0 scale mail (worn)
 k - a +0 pair of boots (worn)
Jewellery
 h - a +6 ring of intelligence (left hand)
 w - an amulet of faith
Wands
 p - a wand of polymorph (6)
Scrolls
 f - a scroll of enchant weapon
 s - a scroll of vulnerability
Potions
 e - a potion of cancellation {unknown}
 g - a potion of attraction
 q - a potion of haste
 t - 2 potions of flight {unknown}
 u - 2 potions of curing {unknown}
 v - a potion of magic {unknown}


   Skills:
 + Level 3.8 Fighting
 * Level 4.3 Axes
 + Level 3.3 Armour
 + Level 4.0 Shields


You had 5 spell levels left.
You didn't know any spells.
Your spell library contained the following spells:

 Spells                   Type           Power      Damage    Failure   Level
 Sandblast                Erth           0%         2d4       67%         1
 Summon Small Mammal      Summ           0%         N/A       67%         1
 Passwall                 Tmut/Erth      0%         N/A       82%         2
 Call Canine Familiar     Summ           0%         N/A       96%         3
 Stone Arrow              Conj/Erth      0%         3d7       96%         3
 Summon Guardian Golem    Hex/Summ       0%         N/A       96%         3


Dungeon Overview and Level Annotations

Branches:
Dungeon (5/15)
 Temple: D:4-7

Altars:
Ashenzari
Makhleb
Qazlal
Vehumet
Xom
Yredelemnul

Annotations:
D:3 2 transporters, Demosthentine's ghost, amateur DsGl


Innate Abilities, Weirdness & Mutations

You have extremely sharp teeth.
Your natural rate of healing is unusually fast.
When hurt, damage is shared between your health and your magic reserves.
Your bite disrupts and absorbs the magic of your enemies.
Potions cannot restore your health.


Message History

The iguana is unaffected.
The grasping roots constrict you. The iguana bites you.
The howler monkey hits you but does no damage.
You hear a shout! x2
Things that are here:
a +0 flail; a +0 heavy halberd; a gnoll corpse You slice the gnoll!!
You kill the gnoll!
You barely miss the iguana. You hit the black bear.
You slash the howler monkey! You closely miss the gnoll.
The howler monkey closely misses you. The black bear barely misses you.
The black bear claws you but does no damage. x2
You block the gnoll's attack. The grasping roots constrict you.
The iguana bites you!
* * * LOW HITPOINT WARNING * * *
The howler monkey hoots and howls with incredible vigour!
The black bear bites you but does no damage.
The black bear barely misses you. The black bear claws you.
* * * LOW HITPOINT WARNING * * *
The gnoll closely misses you. The grasping roots constrict you.
You hear an angry hiss.
You hear a shout!
The grasping roots release their grip on you.
Your Shields skill increases to level 4!
Okay, then.
It was a potion of haste.
You feel yourself speed up. The howler monkey hits you.
* * * LOW HITPOINT WARNING * * *
You block the gnoll's attack. The iguana closely misses you.
The black bear closely misses you. x2; The black bear barely misses you.
You barely miss the black bear. You bite the black bear. You drain its power.
You feel invigorated.
The black bear is lightly wounded.
You slash the iguana! You closely miss the howler monkey. You slash the gnoll!
You barely miss the iguana.
The howler monkey hits you but does no damage.
You block the iguana's attack. The gnoll closely misses you.
The black bear bites you.
The black bear claws you but does no damage.
You block the black bear's attack. The iguana bites you!
You die...

.......# .......#
.......# . .......# ..
#.##...# ... #.##...#
.... #.##...## .....
........##########......
####...........h@l......
..##...........hgl......
..#?....................
..#....[................
.##.....................
.##.................>...
.†............).........
....<......./........^..
.####.......


You could see a black bear, a howler monkey, 2 iguanas and a gnoll.

Vanquished Creatures
  A black bear (D:5)
  A phantom (D:4)
  2 hounds (D:5)
  An iguana (D:4)
  4 adders
  3 gnolls (D:5)
  A shadow imp (D:5)
  2 worms (D:2)
  A dart slug (D:1)
  5 orcs
  11 bats
  5 endoplasms
  3 giant cockroaches
  7 hobgoblins
  4 jackals (D:3)
  8 kobolds
  A quokka (D:3)
  4 ball pythons
  3 frilled lizards
  10 goblins
  7 rats
84 creatures vanquished.

Notes
Turn   | Place    | Note
-------+----------+-------------------------------------------
     0 | D:1      | DeathPants the Vine Stalker Fighter began the quest for the
                  | Orb.
     0 | D:1      | Reached XP level 1. HP: 11/11 MP: 2/2
    44 | D:2      | Reached XP level 2. HP: 16/16 MP: 1/3
   406 | D:1      | Reached XP level 3. HP: 20/20 MP: 4/4
   650 | D:2      | Gained mutation: Your natural rate of healing is unusually
                  | fast. [Vine Stalker growth]
   650 | D:2      | Reached XP level 4. HP: 23/24 MP: 3/5
   777 | D:3      | Found a faded altar of an unknown god.
  1147 | D:3      | Noticed Demosthentine's ghost (amateur DsGl)
  1190 | D:3      | Found a transporter.
  1398 | D:3      | Found a shimmering altar of Xom.
  1401 | D:3      | Found a burning altar of Makhleb.
  1401 | D:3      | Found a broken altar of Ashenzari.
  1403 | D:3      | Found a radiant altar of Vehumet.
  1404 | D:3      | Found a basalt altar of Yredelemnul.
  1406 | D:3      | Found a stormy altar of Qazlal.
  1463 | D:3      | Found a transporter.
  1534 | D:4      | Noticed a phantom
  1542 | D:4      | Killed a phantom
  1543 | D:4      | Reached XP level 5. HP: 24/28 MP: 2/6
  2001 | D:5      | Entered Level 5 of the Dungeon
  2011 | D:5      | Reached XP level 6. HP: 29/32 MP: 7/7
  2094 | D:5      | Noticed a black bear
  2099 | D:5      | Killed a black bear
  2136 | D:5      | Found the +6 shillelagh "Devastator" {shatter}
  2136 | D:5      | Noticed a black bear
  2150 | D:5      | HP: 1/33 [howler monkey (2)]
  2151 | D:5      | Slain by an iguana

Illustrated notes

Levels and vault maps discovered:
D:1:      minmay_arrival_plants_in_alcoves, layout_rooms
D:2:      layout_rooms
D:3:      layout_basic, minitemple, basic_ecumenical_altar,
          gammafunk_ghost_stat_death
D:4:      layout_loops_ring, minivault_23
D:5:      layout_basic, gup_sewer_entry_spiral, hangedman_decor_clover_reticule,
          uniq_grinder

Skill      XL: |  1  2  3  4  5  6 |
---------------+-------------------+-----
Axes           | 2 3 4 |  4.3
Fighting       | 3 |  3.8
Shields        | 3 4 |  4.0
Armour         | 3 |  3.3

Action                     |  1- 3 |  4- 6 || total
---------------------------+-------+-------++-------
  Melee: War axe           |    87 |    85 ||   172
         Bite              |    10 |    15 ||    25
    Use: Scroll            |       |     8 ||     8
         Potion            |       |     2 ||     2
 Armour: Scale mail        |    70 |    73 ||   143
  Dodge: Dodged            |    72 |    80 ||   152
  Block: Buckler           |    32 |    21 ||    53

Table legend: (Time is in decaauts)
 A = Elapsed time spent in this place.
 B = Non-inter-level travel time spent in this place.
 C = Inter-level travel time spent in this place.
 D = Time resting spent in this place.
 E = Time spent auto-exploring this place.
 F = Levels seen in this place.
 G = Mean time per level.
                   A        B        C        D        E       F      G
               +--------+--------+--------+--------+--------+-----+--------+
         Total |   2297 |   2238 |     59 |      0 |   1370 |   5 |  459.4 |
       Dungeon |   2297 |   2238 |     59 |      0 |   1370 |   5 |  459.4 |
               +--------+--------+--------+--------+--------+-----+--------+

Top non-repeatable levels by time:
     D:3: 747 daAuts
     D:1: 582 daAuts
     D:2: 437 daAuts
     D:4: 421 daAuts
     D:5: 107 daAuts
